| TOP OF THE 1ST |
|
Birmingham Barons batting - Pitching for Montgomery Rebels : RHP Emilio Bejar
|
|
Pitching: RHP Emilio Bejar
|
|
|
Batting: RHB Bob Bathe
|
0-0: Called Strike 0-1: Ball 1-1: Foul Ball, location: 2F 1-2: Ball 2-2: Strikes out swinging
|
|
Batting: RHB Tim Hulett
|
0-0: Called Strike 0-1: Swinging Strike 0-2: Strikes out swinging
|
|
Batting: RHB Bill R Moore
|
0-0: Called Strike 0-1: Foul Ball, location: 2F 0-2: Ball 1-2: Ground out 4-3 (Groundball, 4, EV 90.0 MPH)
|
| Top of the 1st over - 0 runs, 0 hits, 0 errors, 0 left on base; Birmingham 0 - Montgomery 0 |
| BOTTOM OF THE 1ST |
|
Montgomery Rebels batting - Pitching for Birmingham Barons : LHP Gene Lambert
|
|
Pitching: LHP Gene Lambert
|
|
|
Batting: LHB Chris Stropolo
|
0-0: Called Strike 0-1: Foul Ball, location: 2F 0-2: Ball 1-2: Foul Ball, location: 2F 1-2: Fly out, F7 (Flyball, 7S, EV 83.1 MPH)
|
|
Batting: SHB Arthur Fischetti
|
0-0: Foul Ball, location: 2F 0-1: Ball 1-1: Foul Ball, location: 2F 1-2: Ball 2-2: Foul Ball, location: 2F 2-2: Ball 3-2: Fly out, F7 (Flyball, 78M, EV 88.8 MPH)
|
|
Batting: LHB Greg Brock
|
0-0: Foul Ball, location: 2F 0-1: Fly out, F5 (Popup, 15, EV 81.3 MPH)
|
| Bottom of the 1st over - 0 runs, 0 hits, 0 errors, 0 left on base; Birmingham 0 - Montgomery 0 |
| TOP OF THE 2ND |
|
Birmingham Barons batting - Pitching for Montgomery Rebels : RHP Emilio Bejar
|
|
Batting: LHB Vernon Ramie
|
0-0: Ball 1-0: Swinging Strike 1-1: Foul Ball, location: 2F 1-2: Strikes out looking
|
|
Batting: RHB Robin Townley
|
0-0: Swinging Strike 0-1: Ball 1-1: Foul Ball, location: 2F 1-2: Strikes out swinging
|
|
Batting: LHB Joe Szekely
|
0-0: Called Strike 0-1: Ground out 2-3 (Groundball, 2L, EV 68.1 MPH)
|
| Top of the 2nd over - 0 runs, 0 hits, 0 errors, 0 left on base; Birmingham 0 - Montgomery 0 |
| BOTTOM OF THE 2ND |
|
Montgomery Rebels batting - Pitching for Birmingham Barons : LHP Gene Lambert
|
|
Batting: RHB Eugeniuo Cotes
|
0-0: Ball 1-0: Ball 2-0: Called Strike 2-1: Called Strike 2-2: Foul Ball, location: 2F 2-2: Ball 3-2: Strikes out swinging, 2-3 out at first.
|
|
Batting: LHB Dwayne Murphy
|
0-0: Ball 1-0: Ball 2-0: Ball 3-0: Base on Balls
|
|
Batting: RHB Nate Tria
|
0-0: Ball 1-0: Called Strike 1-1: Ball 2-1: Fly out, F7 (Line Drive, 7, EV 87.5 MPH)
|
|
Batting: RHB Jeff Schumaker
|
0-0: Foul Ball, location: 2F 0-1: Ball 1-1: Swinging Strike 1-2: Strikes out swinging
|
| Bottom of the 2nd over - 0 runs, 0 hits, 0 errors, 1 left on base; Birmingham 0 - Montgomery 0 |
| TOP OF THE 3RD |
|
Birmingham Barons batting - Pitching for Montgomery Rebels : RHP Emilio Bejar
|
|
Batting: RHB Jim Wilson
|
0-0: Ball 1-0: Ball 2-0: Called Strike 2-1: Fly out, F8 (Flyball, 8LD, EV 98.1 MPH)
|
|
Batting: SHB Giampietro Pasquetto
|
0-0: Called Strike 0-1: Foul Ball, location: 2F 0-2: Ball 1-2: Strikes out swinging
|
|
Batting: RHB Rod Johnson
|
0-0: Swinging Strike 0-1: Ground out 4-3 (Groundball, 13, EV 83.8 MPH)
|
| Top of the 3rd over - 0 runs, 0 hits, 0 errors, 0 left on base; Birmingham 0 - Montgomery 0 |
| BOTTOM OF THE 3RD |
|
Montgomery Rebels batting - Pitching for Birmingham Barons : LHP Gene Lambert
|
|
Batting: SHB Mike Thorpe
|
0-0: Ball 1-0: Ball 2-0: Foul Ball, location: 2F 2-1: Ball 3-1: Fly out, F9 (Flyball, 89M, EV 86.3 MPH)
|
|
Batting: LHB Michael Shinn
|
0-0: Called Strike 0-1: Fly out, F8 (Flyball, 8RXD, EV 100.6 MPH)
|
|
Batting: LHB Chris Stropolo
|
0-0: Ball 1-0: Fly out, F7 (Flyball, 78D, EV 85.0 MPH)
|
| Bottom of the 3rd over - 0 runs, 0 hits, 0 errors, 0 left on base; Birmingham 0 - Montgomery 0 |
| TOP OF THE 4TH |
|
Birmingham Barons batting - Pitching for Montgomery Rebels : RHP Emilio Bejar
|
|
Batting: RHB Bob Bathe
|
0-0: Ball 1-0: Called Strike 1-1: Foul Ball, location: 2F 1-2: Foul Ball, location: 2F 1-2: Strikes out looking
|
|
Batting: RHB Tim Hulett
|
0-0: Called Strike 0-1: Ball 1-1: Ball 2-1: Ball 3-1: Foul Ball, location: 2F 3-2: Foul Ball, location: 2F 3-2: Base on Balls
|
|
Batting: RHB Bill R Moore
|
0-0: Fielders Choice at 2nd, 1-6 (Groundball, 34S, EV 74.4 MPH)
|
|
Batting: LHB Vernon Ramie
|
0-0: Called Strike 0-1: Called Strike 0-2: Strikes out swinging
|
| Top of the 4th over - 0 runs, 0 hits, 0 errors, 1 left on base; Birmingham 0 - Montgomery 0 |
| BOTTOM OF THE 4TH |
|
Montgomery Rebels batting - Pitching for Birmingham Barons : LHP Gene Lambert
|
|
Batting: SHB Arthur Fischetti
|
0-0: Ball 1-0: Swinging Strike 1-1: Swinging Strike 1-2: Ball 2-2: Ball 3-2: Base on Balls
|
|
Batting: LHB Greg Brock
|
0-0: Foul Ball, location: 2F 0-1: Fly out, F8 (Flyball, 8LXD, EV 99.4 MPH)
|
|
Batting: RHB Eugeniuo Cotes
|
0-0: Ball 1-0: Ball 2-0: Foul Ball, location: 2F 2-1: Ball 3-1: Fly out, F7 (Flyball, 7, EV 95.6 MPH)
|
|
Batting: LHB Dwayne Murphy
|
0-0: Called Strike 0-1: Ball 1-1: SINGLE (Flyball, 34D, EV 94.4 MPH) Arthur Fischetti to second Runner from 2nd tries for 3rd, SAFE, throw by RF made to third
|
|
Batting: RHB Nate Tria
|
0-0: Ball 1-0: Ball 2-0: Ball 3-0: Called Strike 3-1: Base on Balls Dwayne Murphy to second
|
|
Batting: RHB Jeff Schumaker
|
0-0: Ball 1-0: Ball 2-0: Foul Ball, location: 2F 2-1: Reached via error on a dropped throw from 3B, E4 (Groundball, 5, EV 83.1 MPH) Arthur Fischetti scores Dwayne Murphy to third Nate Tria to second
|
|
Batting: SHB Mike Thorpe
|
0-0: Ball 1-0: Fly out, F9 (Flyball, 9LM, EV 85.6 MPH)
|
| Bottom of the 4th over - 1 run, 1 hit, 1 error, 3 left on base; Birmingham 0 - Montgomery 1 |
| TOP OF THE 5TH |
|
Birmingham Barons batting - Pitching for Montgomery Rebels : RHP Emilio Bejar
|
|
Batting: RHB Robin Townley
|
0-0: Called Strike 0-1: Ball 1-1: Ball 2-1: Foul Ball, location: 2F 2-2: Ball 3-2: Strikes out swinging
|
|
Batting: LHB Joe Szekely
|
0-0: Swinging Strike 0-1: Foul Ball, location: 2F 0-2: Ball 1-2: Strikes out swinging
|
|
Batting: RHB Jim Wilson
|
0-0: Ball 1-0: Called Strike 1-1: Fly out, F8 (Flyball, 8RXD, EV 85.0 MPH)
|
| Top of the 5th over - 0 runs, 0 hits, 0 errors, 0 left on base; Birmingham 0 - Montgomery 1 |
| BOTTOM OF THE 5TH |
|
Montgomery Rebels batting - Pitching for Birmingham Barons : LHP Gene Lambert
|
|
Batting: LHB Michael Shinn
|
0-0: Fly out, F6 (Line Drive, 6, EV 75.0 MPH)
|
|
Batting: LHB Chris Stropolo
|
0-0: Called Strike 0-1: Ball 1-1: Called Strike 1-2: Ball 2-2: Ball 3-2: Foul Ball, location: 2F 3-2: SINGLE (Groundball, 4M, EV 106.9 MPH) (infield hit)
|
|
Batting: SHB Arthur Fischetti
|
0-0: DOUBLE (Groundball, 5L, EV 98.1 MPH) Chris Stropolo to third
|
|
Batting: LHB Greg Brock
|
0-0: Ball 1-0: Called Strike 1-1: Ball 2-1: Foul Ball, location: 2F 2-2: Fly out, F3 (Popup, 23F, EV 77.5 MPH)
|
|
Batting: RHB Eugeniuo Cotes
|
0-0: Called Strike 0-1: Ball 1-1: 3-RUN HOME RUN (Flyball, 7D, EV 106.3 MPH), Distance : 355 ft
|
|
Batting: LHB Dwayne Murphy
|
0-0: Ball 1-0: Swinging Strike 1-1: Swinging Strike 1-2: Ball 2-2: Reached on error, E4 (Flyball, 4D, EV 84.4 MPH)
|
|
Batting: RHB Nate Tria
|
0-0: Ball 1-0: Called Strike Dwayne Murphy is caught stealing 2nd base 2-4
|
| Bottom of the 5th over - 3 runs, 3 hits, 1 error, 0 left on base; Birmingham 0 - Montgomery 4 |
| TOP OF THE 6TH |
|
Birmingham Barons batting - Pitching for Montgomery Rebels : RHP Emilio Bejar
|
|
Batting: SHB Giampietro Pasquetto
|
0-0: Called Strike 0-1: Swinging Strike 0-2: Foul Ball, location: 2F 0-2: Hit by Pitch
|
|
Batting: RHB Rod Johnson
|
0-0: Ball 1-0: Reached on error, E2 (Groundball, 2R, EV 43.8 MPH) Giampietro Pasquetto to third
|
|
Batting: RHB Bob Bathe
|
0-0: Foul Ball, location: 2F 0-1: Ball 1-1: Called Strike 1-2: Ball 2-2: Ball 3-2: Foul Ball, location: 2F 3-2: Base on Balls
|
|
Batting: RHB Tim Hulett
|
0-0: Fly out, F7 (Flyball, 7, EV 88.1 MPH)
|
|
Batting: RHB Bill R Moore
|
0-0: Called Strike 0-1: Ball 1-1: Ball 2-1: Ball 3-1: Swinging Strike 3-2: Foul Ball, location: 2F 3-2: Foul Ball, location: 2F 3-2: Fly out, F6 (Popup, 6M, EV 65.0 MPH)
|
|
Batting: LHB Vernon Ramie
|
0-0: Called Strike 0-1: Foul Ball, location: 2F 0-2: Foul Ball, location: 2F 0-2: Ball 1-2: GRAND SLAM HOME RUN (Flyball, 9D, EV 98.1 MPH), Distance : 375 ft
|
|
Batting: RHB Robin Townley
|
0-0: Ball 1-0: Ball 2-0: Ball 3-0: Called Strike 3-1: Base on Balls
|
|
Batting: LHB Joe Szekely
|
0-0: 2-RUN HOME RUN (Flyball, 9D, EV 100.0 MPH), Distance : 373 ft
|
|
Pitching: RHP Don Cooper
|
|
|
Batting: RHB Jim Wilson
|
0-0: Ball 1-0: Foul Ball, location: 2F 1-1: Ball 2-1: Foul Ball, location: 2F 2-2: Foul Ball, location: 2F 2-2: Reached on error, E9 (Flyball, 9LS, EV 91.9 MPH)
|
|
Pitching: RHP Tony Tinoco
|
|
|
Batting: SHB Giampietro Pasquetto
|
0-0: Fly out, F7 (Flyball, 78S, EV 84.4 MPH)
|
| Top of the 6th over - 6 runs, 2 hits, 2 errors, 1 left on base; Birmingham 6 - Montgomery 4 |
| BOTTOM OF THE 6TH |
|
Montgomery Rebels batting - Pitching for Birmingham Barons : LHP Gene Lambert
|
|
Batting: RHB Nate Tria
|
0-0: Ball 1-0: SOLO HOME RUN (Flyball, 7LD, EV 98.8 MPH), Distance : 359 ft
|
|
Pitching: LHP Guy Finch
|
|
|
Batting: RHB Jeff Schumaker
|
0-0: Called Strike 0-1: Called Strike 0-2: Ground out 4-3 (Groundball, 4, EV 90.6 MPH)
|
|
Batting: SHB Mike Thorpe
|
0-0: Ball 1-0: Foul Ball, location: 2F 1-1: Foul Ball, location: 2F 1-2: Foul Ball, location: 2F 1-2: Strikes out looking
|
|
Batting: LHB Michael Shinn
|
0-0: Swinging Strike 0-1: Ball 1-1: Ball 2-1: Swinging Strike 2-2: Foul Ball, location: 2F 2-2: Strikes out swinging
|
| Bottom of the 6th over - 1 run, 1 hit, 0 errors, 0 left on base; Birmingham 6 - Montgomery 5 |
| TOP OF THE 7TH |
|
Birmingham Barons batting - Pitching for Montgomery Rebels : RHP Tony Tinoco
|
|
Batting: RHB Rod Johnson
|
0-0: SINGLE (Groundball, 6MD, EV 98.1 MPH)
|
|
Batting: RHB Bob Bathe
|
0-0: Called Strike 0-1: Called Strike 0-2: Ball 1-2: Ball 2-2: Fly out, F7 (Flyball, 7D, EV 85.0 MPH)
|
|
Batting: RHB Tim Hulett
|
0-0: Ball 1-0: Called Strike 1-1: Fly out, F9 (Flyball, 89D, EV 96.9 MPH)
|
|
Batting: RHB Bill R Moore
|
0-0: Called Strike 0-1: Swinging Strike 0-2: Ball Rod Johnson steals 2nd base 1-2: Ball 2-2: Strikes out swinging
|
| Top of the 7th over - 0 runs, 1 hit, 0 errors, 1 left on base; Birmingham 6 - Montgomery 5 |
| BOTTOM OF THE 7TH |
|
Montgomery Rebels batting - Pitching for Birmingham Barons : LHP Guy Finch
|
|
Batting: LHB Chris Stropolo
|
0-0: Foul Ball, location: 2F 0-1: Ball 1-1: Called Strike 1-2: Ball 2-2: Strikes out swinging
|
|
Batting: SHB Arthur Fischetti
|
0-0: Ball 1-0: Ball 2-0: Ball 3-0: Called Strike 3-1: Called Strike 3-2: Base on Balls
|
|
Batting: LHB Greg Brock
|
0-0: Ball 1-0: Ball 2-0: Foul Ball, location: 2F 2-1: Foul Ball, location: 2F 2-2: Ball 3-2: Ground out 1-3 (Groundball, 15S, EV 65.6 MPH) Arthur Fischetti to second
|
|
Batting: RHB Eugeniuo Cotes
|
0-0: Fly out, F7 (Flyball, 7, EV 86.3 MPH)
|
| Bottom of the 7th over - 0 runs, 0 hits, 0 errors, 1 left on base; Birmingham 6 - Montgomery 5 |
| TOP OF THE 8TH |
|
Birmingham Barons batting - Pitching for Montgomery Rebels : RHP Tony Tinoco
|
|
Batting: LHB Vernon Ramie
|
0-0: Ball 1-0: Ball 2-0: Ball 3-0: Base on Balls
|
|
Batting: RHB Robin Townley
|
0-0: Called Strike 0-1: Foul Ball, location: 2F 0-2: Ball 1-2: Ball 2-2: Strikes out swinging
|
|
Batting: LHB Joe Szekely
|
0-0: Called Strike 0-1: Ball 1-1: Foul Ball, location: 2F 1-2: Grounds into double play, 4-6-3 (Groundball, 4, EV 111.9 MPH)
|
| Top of the 8th over - 0 runs, 0 hits, 0 errors, 0 left on base; Birmingham 6 - Montgomery 5 |
| BOTTOM OF THE 8TH |
|
Montgomery Rebels batting - Pitching for Birmingham Barons : LHP Guy Finch
|
|
Batting: LHB Dwayne Murphy
|
0-0: Called Strike 0-1: Ball 1-1: Ball 2-1: SINGLE (Groundball, 6MD, EV 100.6 MPH)
|
|
Pitching: RHP Danny Castillo
|
|
|
Batting: RHB Nate Tria
|
0-0: Ball 1-0: Sac Bunt to 2L - play at first, batter OUT! 2-4 Dwayne Murphy to second
|
|
Pinch Hitting: LHB Dustin Hipp
|
0-0: Ball 1-0: SINGLE (Line Drive, 6D, EV 95.6 MPH) Dwayne Murphy to third Runner from 3rd tries for Home, SAFE, throw by LF to home
|
|
Batting: SHB Mike Thorpe
|
0-0: Ball 1-0: Foul Ball, location: 2F 1-1: Grounds into double play, 4-6-3 (Groundball, 4, EV 100.6 MPH)
|
| Bottom of the 8th over - 1 run, 2 hits, 0 errors, 0 left on base; Birmingham 6 - Montgomery 6 |
| TOP OF THE 9TH |
|
Birmingham Barons batting - Pitching for Montgomery Rebels : RHP Tony Tinoco
|
|
Pitching: LHP Chuck McMichael
|
|
|
Now at 2B: Billy Malpas
|
|
|
Batting: RHB Jim Wilson
|
0-0: Swinging Strike 0-1: Called Strike 0-2: Ball 1-2: Foul Ball, location: 2F 1-2: DOUBLE (Line Drive, 78D, EV 112.5 MPH)
|
|
Pinch Hitting: RHB Anthony Veith
|
0-0: Intentional Walk
|
|
Pinch Runner at 2nd Timothy Tveit:
|
|
|
Batting: RHB Rod Johnson
|
0-0: Ball 1-0: Sac Bunt to 13S - play at first, batter OUT! 1-3 Timothy Tveit to third Anthony Veith to second
|
|
Batting: RHB Bob Bathe
|
0-0: Intentional Walk
|
|
Batting: RHB Tim Hulett
|
0-0: Ball 1-0: Foul Ball, location: 2F 1-1: Ball 2-1: Grounds into double play, 6-2-3 (Groundball, 6, EV 100.6 MPH)
|
| Top of the 9th over - 0 runs, 1 hit, 0 errors, 2 left on base; Birmingham 6 - Montgomery 6 |
| BOTTOM OF THE 9TH |
|
Montgomery Rebels batting - Pitching for Birmingham Barons : RHP Danny Castillo
|
|
Pitching: LHP Mark Moore
|
|
|
Now at 2B: James Wallace
|
|
|
Pinch Hitting: RHB Glenn Williams
|
0-0: Ball 1-0: Ball 2-0: DOUBLE (Line Drive, 8RXD, EV 104.4 MPH)
|
|
Batting: LHB Chris Stropolo
|
0-0: Ball 1-0: Ball 2-0: Ball 3-0: Base on Balls
|
|
Batting: SHB Arthur Fischetti
|
0-0: Fly out, F8 (Flyball, 78D, EV 100.6 MPH) Runner from 2nd tags up, SAFE at 3rd with throw by CF
|
|
Batting: LHB Greg Brock
|
0-0: Ball 1-0: Foul Ball, location: 2F 1-1: Ball 2-1: Ball 3-1: Foul Ball, location: 2F 3-2: Foul Ball, location: 2F 3-2: SINGLE (Groundball, 34D, EV 103.8 MPH) Glenn Williams scores
|
| Bottom of the 9th over - 1 run, 2 hits, 0 errors, 0 left on base; Birmingham 6 - Montgomery 7 |
|